 Dungeon Crawl Stone Soup version 0.22-a0-799-g88f5e90 (webtiles) character file.

200 Amnesiac the Magician (level 5, 0/35 HPs)
             Began as a Mummy Earth Elementalist on July 21, 2018.
             Was an Initiate of Gozag.
             Slain by a hobgoblin
             ... wielding a +0 club
              (6 damage)
             ... on level 1 of the Dungeon.
             The game lasted 00:04:24 (2482 turns).

Amnesiac the Magician (Mummy Earth Elementalist)    Turns: 2482, Time: 00:04:25

Health: 0/35       AC:  3    Str: 11    XL:     5   Next: 49%
Magic:  10/11      EV: 12    Int: 16    God:    Gozag
Gold:   155        SH:  0    Dex: 12    Spells: 3/13 levels left

rFire    x . .     SeeInvis .   f - +0 mace
rCold    + . .     Gourm    .   (no shield)
rNeg     + + +     Faith    .   c - +0 robe
rPois    ∞         Spirit   .   (no helmet)
rElec    .         Reflect  .   (no cloak)
rCorr    .         Harm     .   e - +0 pair of gloves
MR       .....                  (no boots)
Stlth    ++........             (no amulet)
HPRegen  0.11/turn              (no ring)
MPRegen  0.12/turn              (no ring)

@: no status effects
A: no food or potions, fire vulnerability, cold resistance 1, negative energy
resistance 3, torment resistance, unbreathing
a: Potion Petition, Call Merchant, Bribe Branch, Renounce Religion


You were on level 1 of the Dungeon.
You worshipped Gozag.
Gozag was aware of your devotion.
You were not hungry.

You visited 2 branches of the dungeon, and saw 5 of its levels.

You collected 202 gold pieces.
You paid 47 gold pieces to Gozag.

Inventory:

Hand Weapons
 a - a +0 short sword
 f - a +0 mace (weapon)
Missiles
 b - 9 stones (quivered)
Armour
 c - a +0 robe (worn)
 e - a +0 pair of gloves (worn)
Scrolls
 d - a scroll of amnesia {!r, unknown}
 g - a scroll of fear {!r, unknown}
 h - a scroll of enchant weapon {!r, unknown}
 i - 2 scrolls of teleportation {!r, unknown}
 j - a scroll of remove curse {!r, unknown}


   Skills:
 - Level 1.5 Dodging
 - Level 1.5 Stealth
 + Level 4.5 Spellcasting
 - Level 0.7 Transmutations
 * Level 4.4 Earth Magic


You had 3 spell levels left.
You knew the following spells:

 Your Spells              Type           Power        Failure   Level  Hunger
a - Sandblast             Erth           ###...       2%          1    N/A
b - Passwall              Tmut/Erth      ##......     9%          2    N/A
c - Stone Arrow           Conj/Erth      ##....       19%         3    N/A
e - Petrify               Tmut/Erth      ##......     47%         4    N/A

Your spell library contained the following spells:

 Spells                   Type           Power        Failure   Level  Hunger
 Confuse                  Hex            #.......     43%         3    N/A
 Tukima's Dance           Hex            #.......     43%         3    N/A
 Ensorcelled Hibernation  Hex/Ice        #.....       24%         2    N/A
 Corona                   Hex            #......      16%         1    N/A
 Lee's Rapid Deconstruct  Erth           ###.......   56%         5    N/A
 Dazzling Spray           Conj/Hex       #.....       43%         3    N/A

Dungeon Overview and Level Annotations

Branches:
Dungeon (4/15)             Temple (1/1) D:4

Altars:
Ashenzari
Cheibriados
Dithmenos
Elyvilon
Fedhas
Gozag
Hepliaklqana
Kikubaaqudgha
Nemelex Xobeh
Okawaru
Qazlal
Ru
Uskayaw
Xom
Yredelemnul
Zin
The Shining One

Annotations:
D:3 2 transporters, Nico3ck's ghost, amateur DsGl
D:4 1 runed door


Innate Abilities, Weirdness & Mutations

You do not eat or drink.
Your flesh is vulnerable to fire.
You are immune to poison.
Your flesh is cold resistant. (rC+)
You are immune to negative energy. (rN+++)
You are immune to unholy pain and torment.
You can survive without breathing.


Message History

You hit the ooze.
The ooze is heavily wounded.
The ooze hits you.
An ooze is nearby!
You hit the ooze but do no damage.
The ooze is heavily wounded.
The ooze closely misses you.
An ooze is nearby!
You hit the ooze but do no damage.
The ooze is heavily wounded.
The ooze barely misses you. The ooze hits you.
An ooze is nearby!
You sock the ooze!
You kill the ooze!
You now have 152 gold pieces (gained 6).
A hobgoblin comes into view. It is wielding a club.
A hobgoblin is nearby!
A hobgoblin is nearby!
A hobgoblin is nearby!
The hobgoblin barely misses you.
A hobgoblin is nearby!
You closely miss the hobgoblin.
The hobgoblin hits you but does no damage.
A hobgoblin is nearby!
You barely miss the hobgoblin. The hobgoblin hits you with a club. x2
* * * LOW HITPOINT WARNING * * *
A hobgoblin is nearby!
You closely miss the hobgoblin. The hobgoblin hits you with a club.
* * * LOW HITPOINT WARNING * * *
A hobgoblin is nearby!
You barely miss the hobgoblin. The hobgoblin barely misses you.
A hobgoblin is nearby!
You hit the hobgoblin.
You kill the hobgoblin!
Casting: Sandblast (safe; 2% risk of failure)
Confirm with . or Enter, or press ? or * to list all spells.
You can't see any susceptible monsters within range! (Use Z to cast anyway.)
You now have 155 gold pieces (gained 3).
You see here a club.
The hobgoblin is too close now for your liking.
There is a stone staircase leading down here.
A hobgoblin is nearby!
A hobgoblin is nearby!
A hobgoblin is nearby!
There is a stone staircase leading down here.
The hobgoblin closely misses you.
You barely miss the hobgoblin. The hobgoblin hits you with a club.
* * * LOW HITPOINT WARNING * * *
You closely miss the hobgoblin. The hobgoblin hits you with a club.
* * * LOW HITPOINT WARNING * * *
The hobgoblin hits you with a club.
* * * LOW HITPOINT WARNING * * *
You are too injured to fight recklessly!
There is a stone staircase leading down here.
Casting: Sandblast (safe; 2% risk of failure)
Confirm with . or Enter, or press ? or * to list all spells.
Aiming: Sandblast (safe; 2% risk of failure)
Press: ? - help, Shift-Dir - straight line, f - hobgoblin
Aim: a hobgoblin, wielding a club The blast of sand misses the hobgoblin.
b - 9 stones The hobgoblin hits you with a club.
You die...
Your body crumbles into a pile of gold.

''##.# #.#.##.# #.# ...#.##
#.#.##.# #.# ...#..## #.#.##.#
#.# <..#...###.#.##.# #.####
...#....##.#.#..# #####)##.##
####.....#.#....#####.........###
.........+.......>...............
..........##.....####.###.#...###
#.......#.###..#@# #.# #.##.##
##....###.# #.##g# #.# #....#
##...# .... #.# #.#####..# ##+##
.... #.# #........# ..... #.#
#######.## ... #.# #.# ### #.#
#.# ... #.# #.# .## $ ..# #.#


You could see a hobgoblin.

Vanquished Creatures
  A scorpion (D:4)
  2 howler monkeys (D:4)
  2 adders
  2 oozes (D:1)
  A worm (D:4)
  2 leopard geckos
  2 orcs (D:3)
  5 bats
  5 giant cockroaches
  6 goblins
  7 hobgoblins
  3 kobolds
  A frilled lizard (D:1)
  6 rats
45 creatures vanquished.

Notes
Turn   | Place    | Note
-------+----------+-------------------------------------------
     0 | D:1      | Amnesiac the Mummy Earth Elementalist began the quest for the Orb.
     0 | D:1      | Reached XP level 1. HP: 13/13 MP: 4/4
   395 | D:2      | Found a stormy altar of Qazlal.
   644 | D:2      | Reached XP level 2. HP: 15/19 MP: 5/5
   648 | D:2      | Learned a level 2 spell: Passwall
   869 | D:3      | Reached XP level 3. HP: 23/24 MP: 7/7
  1096 | D:4      | Noticed a scorpion
  1188 | D:3      | Found a transporter.
  1190 | D:3      | Found a transporter.
  1191 | D:3      | Noticed Nico3ck's ghost (amateur DsGl)
  1365 | D:4      | Noticed a scorpion
  1383 | D:4      | Killed a scorpion
  1383 | D:4      | Reached XP level 4. HP: 18/30 MP: 2/9
  1541 | D:4      | Learned a level 3 spell: Stone Arrow
  1546 | D:4      | Learned a level 4 spell: Petrify
  1604 | D:4      | Found an iron altar of Okawaru.
  1645 | D:4      | Reached XP level 5. HP: 35/35 MP: 8/11
  1713 | D:4      | Found a runed door.
  1871 | D:4      | Found a staircase to the Ecumenical Temple.
  1894 | Temple   | Entered the Ecumenical Temple
  1901 | Temple   | Became a worshipper of Gozag Ym Sagoz the Greedy
  2482 | D:1      | Slain by a hobgoblin

Vault maps used:
D:1:      dpeg_arrival_windows_large_door, fountainhead, minmay_crystal_room
D:2:      lemuel_doored_altar
D:3:      minmay_door_path, first_ration, gammafunk_ghost_mausoleum,
          kennysheep_generic_room_5
D:4:      okawaru_metal_pillars_3, trog_eyes_of_draining,
          minmay_temple_entry_purple_smoke, uniq_crazy_yiuf_cottage
Temple:   nicolae_temple_no_exploring_needed

Skill      XL: |  1  2  3  4 |
---------------+-------------+-----
Spellcasting   | 3 4 |  4.5
Earth Magic    | 3 4 |  4.4
Dodging        | |  1.5
Stealth        | |  1.5
Transmutations | |  0.7

Action                   |  1- 3 |  4- 6 || total
-------------------------+-------+-------++-------
Melee: Unarmed           |    18 |       ||    18
       Short sword       |    44 |    27 ||    71
       Mace              |       |    39 ||    39
 Cast: Sandblast         |    21 |    12 ||    33
 Stab: Sleeping          |       |     3 ||     3
Armor: Robe              |    25 |     7 ||    32
Dodge: Dodged            |    56 |    45 ||   101

Table legend:
 A = Spawn XP
 B = Non-spawn XP
 C = Spawn XP percentage of total XP
 D = Spawn monster count
 E = Non-spawn monster count
 F = Spawn count percentage of total count
 G = Total turns spent on level
                    A         B        C        D         E        F      G
               +---------+---------+-------+---------+---------+-------+---------
         Total |       0 |     287 |   0.0 |       0 |      45 |   0.0 |  2482
               +---------+---------+-------+---------+---------+-------+---------
           D:1 |       0 |      47 |   0.0 |       0 |      21 |   0.0 |   914
           D:2 |       0 |      21 |   0.0 |       0 |       5 |   0.0 |   344
           D:3 |       0 |      26 |   0.0 |       0 |      14 |   0.0 |   618
           D:4 |       0 |     193 |   0.0 |       0 |       5 |   0.0 |   591
               +---------+---------+-------+---------+---------+-------+---------
